[ AOE2 MATCH · #493776610 ]
UnrankedCelts vs Koreans
[ REPLAY ANALYSIS · EXTRACTED FROM THE RECORDED GAME ]
Feudal
10:37
Castle
35:02
Imperial
70:03
| APM avg | 25.6 |
| APM peak | 62 |
| eAPM avg | 15.4 |
| Villagers / military | 179 / 427 |
Focus
⚔️ 26.1% · 🌾 73.9%
Scout Cavalry ×187 · Spearman ×143 · Scorpion ×46 · Trade Cart ×25 · Archer ×20 · Battering Ram ×15
Feudal
9:29
Castle
23:24
Imperial
43:45
| APM avg | 39.8 |
| APM peak | 88 |
| eAPM avg | 20.6 |
| Villagers / military | 178 / 487 |
Focus
⚔️ 23.9% · 🌾 76.1%
Skirmisher ×229 · Scout Cavalry ×169 · Archer ×46 · War Wagon ×20 · Bombard Cannon ×15 · Spearman ×4
Feudal
10:06
Castle
19:23
Imperial
42:54
| APM avg | 32.7 |
| APM peak | 62 |
| eAPM avg | 14.1 |
| Villagers / military | 144 / 706 |
Focus
⚔️ 35.6% · 🌾 64.4%
Militia ×496 · Scorpion ×149 · Centurion ×25 · Scout Cavalry ×25 · Trade Cart ×14 · Trebuchet (Packed) ×7
Feudal
9:41
Castle
25:42
Imperial
46:54
| APM avg | 32.6 |
| APM peak | 86 |
| eAPM avg | 19.3 |
| Villagers / military | 186 / 527 |
Focus
⚔️ 36.1% · 🌾 63.9%
Samurai ×347 · Spearman ×97 · Skirmisher ×71 · Trebuchet (Packed) ×5 · Militia ×4 · Monk ×3
Feudal
10:40
Castle
16:15
Imperial
37:07
| APM avg | 34.2 |
| APM peak | 100 |
| eAPM avg | 19.6 |
| Villagers / military | 194 / 689 |
Focus
⚔️ 44.8% · 🌾 55.2%
Scout Cavalry ×247 · Chu Ko Nu ×233 · Knight ×125 · Fire Lancer ×56 · Trade Cart ×24 · Trebuchet (Packed) ×18
Feudal
9:20
Castle
20:55
Imperial
37:19
| APM avg | 39.9 |
| APM peak | 111 |
| eAPM avg | 25.6 |
| Villagers / military | 385 / 538 |
Focus
⚔️ 26.1% · 🌾 73.9%
Scout Cavalry ×188 · Camel Scout ×150 · Hand Cannoneer ×92 · Ghulam ×90 · Bombard Cannon ×11 · Trebuchet (Packed) ×5
Match map
Initial resources + every placement click. Lines = walls · curves = elevation contours. ◆ gold · ⬟ stone · ● berries · ✦ relic · ◌ wall gap
Your base· ✓ Closed at 35:02 · 104t walls · 6 gate(s) · fragile
Samreypa's base· ✓ Closed at 23:24 · 40t walls · 2 gate(s)
Mr. Fay's base· Open — 7t gap
Camo's base· Open — 7t gap
Mr. C's base· Open — unwalled flank
NuMa | JuanMan's base· ✓ Closed at 20:55 · 63t walls · 1 gate(s)
Smoothed initial terrain · ◌ = detected wall gap · hover for details
Inputs per minute
— Mr. Keibron - - Samreypa
Build order — Mr. Keibron
First 150 of 682 actions detected
| 0:02 | Queue | Villager (Male) |
| 0:02 | Queue | Villager (Male) |
| 0:02 | Queue | Villager (Male) |
| 0:03 | Queue | Villager (Male) |
| 0:04 | Build | House |
| 0:05 | Build | House |
| 1:25 | Queue | Villager (Male) |
| 1:54 | Build | Lumber Camp |
| 1:58 | Queue | Villager (Male) |
| 2:18 | Queue | Villager (Male) |
| 2:51 | Queue | Villager (Male) |
| 3:02 | Queue | Villager (Male) |
| 3:26 | Build | House |
| 3:30 | Build | House |
| 3:35 | Queue | Villager (Male) |
| 4:05 | Queue | Villager (Male) |
| 4:09 | Build | Mill |
| 4:26 | Research | Loom |
| 4:54 | Queue | Villager (Male) |
| 5:57 | Queue | Villager (Male) |
| 5:58 | Queue | Villager (Male) |
| 5:58 | Queue | Villager (Male) |
| 5:58 | Queue | Villager (Male) |
| 6:11 | Queue | Villager (Male) |
| 6:32 | Queue | Villager (Male) |
| 6:32 | Queue | Villager (Male) |
| 6:32 | Queue | Villager (Male) |
| 7:14 | Queue | Villager (Male) |
| 7:21 | Build | Palisade Wall |
| 7:29 | Build | Palisade Wall |
| 8:12 | Research | Feudal Age |
| 8:26 | Build | Palisade Wall |
| 8:40 | Build | Barracks |
| 8:47 | Build | Palisade Gate |
| 8:48 | Build | Palisade Wall |
| 9:17 | Build | House |
| 9:19 | Build | House |
| 9:49 | Build | Palisade Wall |
| 9:59 | Build | Palisade Wall |
| 10:04 | Build | Palisade Wall |
| 10:34 | Build | Palisade Gate |
| 10:37 | Age | Feudal Age |
| 11:03 | Build | Palisade Gate |
| 11:06 | Build | Palisade Wall |
| 11:11 | Build | Gate |
| 11:16 | Build | Stone Wall |
| 11:32 | Build | House |
| 11:55 | Build | Archery Range |
| 12:23 | Build | Stone Wall |
| 12:39 | Build | Mill |
| 13:08 | Research | Double-Bit Axe |
| 13:10 | Queue | Archer |
| 13:10 | Queue | Archer |
| 13:14 | Build | Mining Camp |
| 14:03 | Build | Lumber Camp |
| 14:25 | Build | Gate |
| 14:27 | Build | Stone Wall |
| 14:36 | Build | Stone Wall |
| 14:37 | Build | Stone Wall |
| 14:44 | Build | Stone Wall |
| 15:27 | Build | Outpost |
| 15:47 | Build | Outpost |
| 16:06 | Queue | Villager (Male) |
| 16:06 | Queue | Villager (Male) |
| 16:07 | Queue | Villager (Male) |
| 16:07 | Queue | Villager (Male) |
| 16:07 | Queue | Villager (Male) |
| 16:34 | Queue | Archer ×2 |
| 18:03 | Build | Stone Wall |
| 18:11 | Queue | Villager (Male) |
| 18:11 | Queue | Villager (Male) |
| 18:12 | Queue | Villager (Male) |
| 18:12 | Queue | Villager (Male) |
| 19:06 | Build | House |
| 19:34 | Queue | Archer |
| 19:34 | Queue | Archer |
| 19:35 | Queue | Archer |
| 20:24 | Build | Lumber Camp |
| 20:31 | Build | Mining Camp |
| 20:36 | Build | Farm |
| 20:42 | Build | Farm |
| 20:44 | Queue | Villager (Male) |
| 20:44 | Queue | Villager (Male) |
| 20:49 | Build | Farm |
| 21:16 | Build | House |
| 21:17 | Build | House |
| 22:40 | Queue | Villager (Male) |
| 22:40 | Queue | Villager (Male) |
| 22:42 | Build | Farm |
| 22:43 | Build | Farm |
| 22:43 | Build | Farm |
| 22:43 | Build | Farm |
| 22:44 | Build | Farm |
| 22:45 | Build | Farm |
| 22:53 | Build | House |
| 22:58 | Build | Stone Wall |
| 23:06 | Build | House |
| 23:07 | Build | House |
| 23:22 | Queue | Villager (Male) |
| 23:22 | Queue | Villager (Male) |
| 23:49 | Build | Stone Wall |
| 23:54 | Build | Mining Camp |
| 23:56 | Queue | Villager (Male) |
| 24:11 | Queue | Archer |
| 24:11 | Queue | Archer |
| 24:46 | Queue | Villager (Male) |
| 24:46 | Queue | Villager (Male) |
| 24:58 | Queue | Spearman |
| 24:58 | Queue | Spearman |
| 25:00 | Queue | Spearman |
| 25:14 | Build | Gate |
| 25:41 | Build | Gate |
| 26:14 | Build | Stone Wall |
| 26:25 | Build | Blacksmith |
| 27:16 | Research | Gold Mining |
| 27:25 | Build | Stone Wall |
| 27:44 | Build | Barracks |
| 28:14 | Queue | Villager (Male) |
| 28:15 | Queue | Villager (Male) |
| 28:15 | Queue | Villager (Male) |
| 28:22 | Build | Stone Wall |
| 28:41 | Build | Stone Wall |
| 28:59 | Build | Mill |
| 29:10 | Queue | Villager (Male) |
| 29:33 | Build | Market |
| 29:38 | Queue | Villager (Male) |
| 29:38 | Queue | Villager (Male) |
| 30:19 | Build | Stone Wall |
| 30:29 | Build | Farm |
| 30:48 | Queue | Villager (Male) |
| 30:51 | Build | Farm |
| 30:53 | Build | Farm |
| 31:28 | Build | Farm |
| 31:31 | Queue | Villager (Male) |
| 31:32 | Queue | Villager (Male) |
| 32:16 | Build | Farm |
| 32:22 | Research | Castle Age |
| 32:33 | Research | Stone Mining |
| 32:47 | Build | Archery Range |
| 32:50 | Build | Archery Range |
| 33:38 | Research | Forging |
| 33:39 | Research | Scale Mail Armor |
| 33:53 | Queue | Villager (Male) |
| 34:30 | Research | Horse Collar |
| 35:02 | Age | Castle Age |
| 35:09 | Build | Castle |
| 35:12 | Queue | Villager (Male) |
| 35:12 | Queue | Villager (Male) |
| 35:53 | Build | Barracks |
| 36:00 | Research | Crossbowman (upgrade) |
Build order — Samreypa
First 150 of 741 actions detected
| 0:00 | Queue | Villager (Male) |
| 0:00 | Queue | Villager (Male) |
| 0:01 | Queue | Villager (Male) |
| 0:02 | Build | House |
| 0:04 | Build | House |
| 0:25 | Queue | Villager (Male) |
| 0:26 | Queue | Villager (Male) |
| 1:26 | Queue | Villager (Male) |
| 1:26 | Queue | Villager (Male) |
| 1:44 | Build | Lumber Camp |
| 2:04 | Queue | Villager (Male) |
| 2:19 | Queue | Villager (Male) |
| 2:19 | Queue | Villager (Male) |
| 2:44 | Queue | Villager (Male) |
| 2:44 | Queue | Villager (Male) |
| 3:13 | Queue | Villager (Male) |
| 3:13 | Queue | Villager (Male) |
| 3:47 | Queue | Villager (Male) |
| 3:47 | Queue | Villager (Male) |
| 3:51 | Build | House |
| 3:53 | Build | House |
| 4:03 | Queue | Villager (Male) |
| 4:03 | Queue | Villager (Male) |
| 5:09 | Build | Mill |
| 5:14 | Queue | Villager (Male) |
| 5:14 | Queue | Villager (Male) |
| 5:14 | Queue | Villager (Male) |
| 5:54 | Queue | Villager (Male) |
| 6:18 | Queue | Villager (Male) |
| 6:33 | Research | Loom |
| 7:17 | Research | Feudal Age |
| 7:18 | Research | Feudal Age |
| 8:25 | Build | Barracks |
| 9:28 | Build | Palisade Wall |
| 9:29 | Age | Feudal Age |
| 9:34 | Build | Archery Range |
| 9:39 | Queue | Villager (Male) |
| 9:42 | Research | Double-Bit Axe |
| 10:17 | Queue | Villager (Male) |
| 10:17 | Queue | Villager (Male) |
| 10:31 | Queue | Villager (Male) |
| 10:37 | Queue | Archer |
| 10:37 | Queue | Archer |
| 10:37 | Queue | Archer |
| 10:43 | Build | Blacksmith |
| 10:55 | Queue | Villager (Male) |
| 10:55 | Queue | Villager (Male) |
| 11:06 | Build | House |
| 11:11 | Queue | Villager (Male) |
| 11:26 | Build | Palisade Wall |
| 11:30 | Build | Archery Range |
| 11:34 | Queue | Archer |
| 11:34 | Queue | Archer |
| 11:56 | Queue | Spearman |
| 11:57 | Queue | Spearman |
| 11:57 | Queue | Spearman |
| 12:30 | Build | House |
| 12:32 | Queue | Villager (Male) |
| 12:48 | Queue | Archer |
| 12:48 | Queue | Archer |
| 12:53 | Build | House |
| 13:01 | Build | Palisade Wall |
| 13:13 | Build | Farm |
| 13:18 | Build | Palisade Wall |
| 13:25 | Build | Mining Camp |
| 13:36 | Build | Mill |
| 13:40 | Build | Farm |
| 13:51 | Queue | Archer |
| 13:52 | Queue | Archer |
| 13:52 | Queue | Archer |
| 13:52 | Queue | Archer |
| 13:54 | Queue | Villager (Male) |
| 14:05 | Build | Palisade Wall |
| 14:18 | Build | House |
| 14:23 | Build | Farm |
| 14:42 | Build | Farm |
| 14:45 | Build | Palisade Wall |
| 14:49 | Queue | Villager (Male) |
| 14:51 | Build | Palisade Wall |
| 14:55 | Build | Farm |
| 14:56 | Queue | Villager (Male) |
| 15:01 | Queue | Archer |
| 15:01 | Queue | Archer |
| 15:01 | Queue | Archer |
| 15:01 | Queue | Archer |
| 15:02 | Queue | Archer |
| 15:06 | Build | House |
| 15:25 | Queue | Villager (Male) |
| 15:37 | Build | House |
| 15:41 | Build | Farm |
| 15:44 | Queue | Villager (Male) |
| 16:05 | Queue | Archer |
| 16:05 | Queue | Archer |
| 16:05 | Queue | Archer |
| 16:10 | Build | House |
| 16:17 | Build | Farm |
| 16:25 | Build | Palisade Wall |
| 16:42 | Build | Palisade Wall |
| 16:49 | Queue | Villager (Male) |
| 16:54 | Build | House |
| 16:58 | Build | Palisade Gate |
| 17:19 | Build | Farm |
| 17:21 | Build | Farm |
| 17:32 | Queue | Villager (Male) |
| 17:37 | Build | House |
| 17:38 | Build | Palisade Wall |
| 17:39 | Build | Palisade Wall |
| 17:44 | Build | Farm |
| 18:03 | Build | Farm |
| 18:05 | Queue | Villager (Male) |
| 18:17 | Research | Fletching |
| 18:17 | Research | Fletching |
| 18:21 | Queue | Archer |
| 18:22 | Queue | Archer |
| 18:22 | Queue | Archer |
| 18:22 | Queue | Archer |
| 18:26 | Queue | Villager (Male) |
| 18:39 | Queue | Villager (Male) |
| 19:00 | Build | Farm |
| 19:12 | Queue | Archer |
| 19:13 | Queue | Archer |
| 19:13 | Queue | Archer |
| 19:13 | Queue | Archer |
| 19:13 | Queue | Archer |
| 19:13 | Queue | Archer |
| 19:22 | Queue | Villager (Male) |
| 19:33 | Build | Farm |
| 19:45 | Build | Market |
| 19:58 | Queue | Villager (Male) |
| 20:44 | Research | Castle Age |
| 20:44 | Research | Castle Age |
| 20:48 | Build | House |
| 20:57 | Build | Archery Range |
| 21:03 | Build | Palisade Wall |
| 21:12 | Queue | Archer |
| 21:43 | Queue | Spearman |
| 21:45 | Queue | Archer |
| 21:45 | Queue | Archer |
| 21:53 | Build | Palisade Wall |
| 21:58 | Build | Palisade Gate |
| 22:00 | Build | House |
| 22:11 | Queue | Archer |
| 22:12 | Queue | Archer |
| 22:12 | Queue | Archer |
| 22:45 | Build | House |
| 22:47 | Build | Farm |
| 22:47 | Build | Farm |
| 22:49 | Build | Farm |
| 22:55 | Research | Gold Mining |
| 23:02 | Build | Farm |
Build order — Mr. Fay
First 150 of 606 actions detected
| 0:01 | Queue | Villager (Male) |
| 0:02 | Queue | Villager (Male) |
| 0:02 | Queue | Villager (Male) |
| 0:02 | Queue | Villager (Male) |
| 0:03 | Build | House |
| 0:05 | Build | House |
| 1:26 | Queue | Villager (Male) |
| 1:55 | Build | Lumber Camp |
| 2:08 | Queue | Villager (Male) |
| 2:20 | Queue | Villager (Male) |
| 2:44 | Build | House |
| 2:45 | Build | House |
| 2:50 | Queue | Villager (Male) |
| 3:05 | Queue | Villager (Male) |
| 3:39 | Queue | Villager (Male) |
| 3:57 | Queue | Villager (Male) |
| 4:34 | Queue | Villager (Male) |
| 5:00 | Queue | Villager (Male) |
| 5:01 | Queue | Villager (Male) |
| 5:17 | Queue | Villager (Male) |
| 5:31 | Build | Mill |
| 5:45 | Queue | Villager (Male) |
| 6:14 | Queue | Villager (Male) |
| 6:58 | Research | Loom |
| 7:02 | Build | Barracks |
| 7:56 | Research | Feudal Age |
| 8:05 | Build | Mining Camp |
| 8:26 | Build | House |
| 8:27 | Queue | Militia |
| 8:27 | Queue | Militia |
| 8:42 | Build | Palisade Wall |
| 8:43 | Build | Palisade Wall |
| 9:16 | Queue | Militia |
| 9:38 | Queue | Militia |
| 10:06 | Age | Feudal Age |
| 10:14 | Research | Man-at-Arms (upgrade) |
| 10:34 | Queue | Villager (Male) |
| 10:37 | Build | Farm |
| 10:38 | Build | Farm |
| 10:38 | Build | Farm |
| 10:38 | Build | Farm |
| 10:44 | Build | Blacksmith |
| 10:57 | Queue | Militia |
| 11:13 | Build | Farm |
| 11:20 | Build | Farm |
| 11:23 | Build | Farm |
| 11:35 | Queue | Villager (Male) |
| 12:21 | Research | Scale Mail Armor |
| 12:24 | Build | Farm |
| 12:25 | Queue | Villager (Male) |
| 12:39 | Queue | Villager (Male) |
| 12:43 | Queue | Militia |
| 13:00 | Queue | Militia |
| 13:12 | Queue | Villager (Male) |
| 13:18 | Build | Market |
| 13:31 | Queue | Spearman |
| 13:33 | Queue | Militia |
| 13:33 | Queue | Militia |
| 13:41 | Build | House |
| 13:42 | Build | House |
| 13:48 | Queue | Villager (Male) |
| 13:48 | Queue | Villager (Male) |
| 13:53 | Build | House |
| 14:29 | Queue | Militia |
| 14:34 | Queue | Villager (Male) |
| 15:12 | Build | House |
| 15:14 | Build | House |
| 15:15 | Build | House |
| 15:22 | Build | House |
| 15:24 | Build | House |
| 15:26 | Queue | Villager (Male) |
| 15:32 | Build | Farm |
| 15:32 | Build | Farm |
| 15:33 | Build | Farm |
| 16:21 | Build | Farm |
| 16:43 | Research | Castle Age |
| 17:16 | Queue | Militia |
| 17:17 | Queue | Militia |
| 17:17 | Queue | Militia |
| 17:18 | Queue | Militia |
| 17:25 | Build | House |
| 17:27 | Build | House |
| 17:36 | Build | House |
| 17:38 | Research | Horse Collar |
| 18:00 | Queue | Militia |
| 18:07 | Queue | Villager (Male) |
| 18:33 | Research | Forging |
| 18:41 | Build | House |
| 18:46 | Queue | Villager (Male) |
| 18:53 | Build | House |
| 18:54 | Build | House |
| 19:01 | Queue | Militia |
| 19:02 | Queue | Militia |
| 19:23 | Age | Castle Age |
| 19:28 | Build | Siege Workshop |
| 19:29 | Queue | Villager (Male) |
| 19:30 | Queue | Villager (Male) |
| 19:44 | Build | Town Center |
| 20:09 | Research | Squires |
| 20:24 | Queue | Villager (Male) |
| 20:25 | Queue | Villager (Male) |
| 20:25 | Queue | Villager (Male) |
| 20:31 | Build | House |
| 20:39 | Queue | Villager (Male) |
| 20:58 | Queue | Villager (Male) |
| 21:40 | Research | Chain Mail Armor |
| 21:45 | Queue | Villager (Male) |
| 21:45 | Queue | Villager (Male) |
| 22:05 | Queue | Scorpion ×3 |
| 22:24 | Build | Farm |
| 22:26 | Build | Farm |
| 22:30 | Queue | Villager (Male) |
| 22:48 | Queue | Villager (Male) |
| 22:55 | Build | Lumber Camp |
| 23:03 | Build | Farm |
| 23:04 | Queue | Villager (Male) |
| 23:22 | Queue | Villager (Male) |
| 23:24 | Build | Farm |
| 23:27 | Queue | Villager (Male) |
| 23:27 | Queue | Villager (Male) |
| 23:34 | Build | Farm |
| 23:52 | Queue | Villager (Male) |
| 23:59 | Build | Farm |
| 24:14 | Queue | Villager (Male) |
| 24:18 | Build | Farm |
| 24:18 | Build | Farm |
| 24:19 | Build | Farm |
| 24:19 | Build | Farm |
| 24:20 | Build | Farm |
| 25:14 | Build | Farm |
| 25:15 | Build | Farm |
| 25:17 | Build | Farm |
| 25:20 | Queue | Villager (Male) |
| 25:20 | Queue | Villager (Male) |
| 25:21 | Queue | Villager (Male) |
| 25:22 | Queue | Villager (Male) |
| 25:22 | Queue | Villager (Male) |
| 25:41 | Build | Farm |
| 25:41 | Build | Farm |
| 25:41 | Build | Farm |
| 25:41 | Build | Farm |
| 25:42 | Build | Farm |
| 25:42 | Build | Farm |
| 25:42 | Build | Farm |
| 26:57 | Build | Town Center |
| 26:59 | Queue | Villager (Male) |
| 26:59 | Queue | Villager (Male) |
| 27:00 | Queue | Villager (Male) |
| 27:04 | Research | Long Swordsman (upgrade) |
| 27:12 | Queue | Villager (Male) |
Build order — Camo
First 150 of 647 actions detected
| 0:00 | Queue | Villager (Male) |
| 0:01 | Queue | Villager (Male) |
| 0:01 | Queue | Villager (Male) |
| 0:01 | Queue | Villager (Male) |
| 0:02 | Build | House |
| 0:03 | Build | House |
| 1:22 | Queue | Villager (Male) |
| 1:23 | Queue | Villager (Male) |
| 2:00 | Build | Lumber Camp |
| 2:03 | Queue | Villager (Male) |
| 2:21 | Queue | Villager (Male) |
| 2:21 | Queue | Villager (Male) |
| 2:49 | Queue | Villager (Male) |
| 2:50 | Queue | Villager (Male) |
| 3:01 | Build | House |
| 3:02 | Build | House |
| 3:15 | Queue | Villager (Male) |
| 3:15 | Queue | Villager (Male) |
| 3:44 | Queue | Villager (Male) |
| 3:59 | Queue | Villager (Male) |
| 4:18 | Queue | Villager (Male) |
| 5:00 | Queue | Villager (Male) |
| 5:00 | Queue | Villager (Male) |
| 5:00 | Queue | Villager (Male) |
| 5:39 | Build | Mill |
| 5:48 | Queue | Villager (Male) |
| 5:58 | Build | Barracks |
| 6:01 | Build | House |
| 6:08 | Queue | Villager (Male) |
| 6:50 | Build | Mining Camp |
| 7:00 | Research | Loom |
| 7:00 | Research | Loom |
| 7:31 | Research | Feudal Age |
| 7:32 | Research | Feudal Age |
| 7:54 | Queue | Militia |
| 8:01 | Queue | Militia |
| 8:08 | Build | Farm |
| 8:19 | Build | Palisade Gate |
| 8:24 | Build | House |
| 8:32 | Queue | Militia |
| 8:35 | Queue | Militia |
| 8:48 | Build | Mill |
| 9:00 | Build | Farm |
| 9:41 | Age | Feudal Age |
| 9:43 | Research | Man-at-Arms (upgrade) |
| 9:44 | Queue | Villager (Male) |
| 9:48 | Build | Farm |
| 9:49 | Build | Farm |
| 10:00 | Queue | Villager (Male) |
| 10:33 | Queue | Villager (Male) |
| 10:48 | Queue | Villager (Male) |
| 11:10 | Build | Palisade Wall |
| 11:28 | Queue | Villager (Male) |
| 11:36 | Research | Double-Bit Axe |
| 11:40 | Queue | Villager (Male) |
| 11:57 | Build | House |
| 12:00 | Build | House |
| 12:28 | Queue | Villager (Male) |
| 12:32 | Build | Mining Camp |
| 12:40 | Build | Farm |
| 12:41 | Build | Farm |
| 12:47 | Queue | Spearman |
| 12:51 | Queue | Spearman |
| 13:19 | Build | Watch Tower |
| 13:28 | Queue | Villager (Male) |
| 13:30 | Queue | Villager (Male) |
| 14:01 | Queue | Villager (Male) |
| 14:06 | Build | Blacksmith |
| 14:14 | Build | Palisade Wall |
| 14:16 | Build | Palisade Wall |
| 14:17 | Build | Palisade Wall |
| 14:25 | Queue | Villager (Male) |
| 14:25 | Queue | Villager (Male) |
| 14:41 | Build | House |
| 14:46 | Build | House |
| 15:22 | Build | Watch Tower |
| 15:35 | Queue | Villager (Male) |
| 15:36 | Queue | Villager (Male) |
| 15:54 | Build | House |
| 16:06 | Research | Fletching |
| 16:07 | Research | Fletching |
| 16:15 | Queue | Villager (Male) |
| 16:26 | Build | Market |
| 16:30 | Build | Palisade Gate |
| 16:35 | Queue | Villager (Male) |
| 16:53 | Build | Palisade Wall |
| 16:53 | Build | Palisade Wall |
| 16:54 | Build | Palisade Wall |
| 16:55 | Build | Palisade Wall |
| 16:56 | Build | Palisade Wall |
| 16:56 | Build | Palisade Wall |
| 17:03 | Queue | Villager (Male) |
| 17:03 | Queue | Villager (Male) |
| 17:19 | Build | Watch Tower |
| 18:09 | Queue | Villager (Male) |
| 18:10 | Queue | Villager (Male) |
| 18:22 | Queue | Spearman |
| 18:26 | Build | Barracks |
| 18:30 | Build | House |
| 18:35 | Build | Farm |
| 18:37 | Queue | Villager (Male) |
| 18:39 | Queue | Villager (Male) |
| 18:40 | Research | Wheelbarrow |
| 18:51 | Build | House |
| 19:37 | Queue | Spearman |
| 19:38 | Queue | Spearman |
| 19:40 | Queue | Spearman |
| 19:41 | Queue | Spearman |
| 19:44 | Build | Farm |
| 19:45 | Build | Farm |
| 19:58 | Build | Gate |
| 20:09 | Build | House |
| 20:12 | Build | House |
| 21:37 | Build | House |
| 22:30 | Build | House |
| 23:02 | Research | Castle Age |
| 23:06 | Build | Farm |
| 23:07 | Build | Farm |
| 24:32 | Research | Horse Collar |
| 24:48 | Build | Watch Tower |
| 25:18 | Research | Scale Mail Armor |
| 25:42 | Age | Castle Age |
| 25:46 | Research | Pikeman (upgrade) |
| 25:52 | Research | Squires |
| 25:53 | Queue | Villager (Male) |
| 25:55 | Queue | Villager (Male) |
| 26:47 | Queue | Villager (Male) |
| 26:47 | Queue | Villager (Male) |
| 26:47 | Queue | Villager (Male) |
| 26:57 | Research | Bow Saw |
| 27:23 | Queue | Villager (Male) |
| 27:35 | Build | Town Center |
| 27:42 | Research | Town Watch |
| 28:16 | Queue | Villager (Male) |
| 28:45 | Queue | Villager (Male) |
| 28:59 | Build | Farm |
| 29:02 | Queue | Villager (Male) |
| 29:18 | Build | University |
| 29:22 | Build | House |
| 29:28 | Queue | Villager (Male) |
| 29:28 | Queue | Villager (Male) |
| 29:32 | Build | Farm |
| 29:35 | Build | Farm |
| 29:36 | Build | Farm |
| 29:39 | Build | Farm |
| 29:39 | Build | Farm |
| 29:41 | Queue | Villager (Male) |
| 29:51 | Queue | Villager (Male) |
| 30:18 | Queue | Villager (Male) |
| 30:18 | Queue | Villager (Male) |
Build order — Mr. C
First 150 of 864 actions detected
| 0:06 | Research | Loom |
| 0:42 | Queue | Villager (Male) |
| 1:13 | Queue | Villager (Male) |
| 1:36 | Queue | Villager (Male) |
| 2:11 | Queue | Villager (Male) |
| 2:22 | Build | Lumber Camp |
| 2:34 | Queue | Villager (Male) |
| 3:05 | Queue | Villager (Male) |
| 3:14 | Queue | Villager (Male) |
| 3:38 | Queue | Villager (Male) |
| 3:41 | Build | House |
| 4:19 | Queue | Villager (Male) |
| 4:26 | Build | Mill |
| 4:35 | Queue | Villager (Male) |
| 4:59 | Queue | Villager (Male) |
| 5:16 | Queue | Villager (Male) |
| 5:50 | Queue | Villager (Male) |
| 5:53 | Build | Mill |
| 6:02 | Queue | Villager (Male) |
| 6:06 | Build | House |
| 6:19 | Queue | Villager (Male) |
| 6:19 | Queue | Villager (Male) |
| 6:39 | Queue | Villager (Male) |
| 6:53 | Queue | Villager (Male) |
| 6:54 | Queue | Villager (Male) |
| 7:43 | Build | Farm |
| 8:08 | Build | Mining Camp |
| 8:08 | Queue | Villager (Male) |
| 8:13 | Build | Farm |
| 8:23 | Research | Feudal Age |
| 8:47 | Build | House |
| 9:57 | Queue | Villager (Male) |
| 10:04 | Build | Farm |
| 10:07 | Build | Farm |
| 10:08 | Build | Lumber Camp |
| 10:40 | Age | Feudal Age |
| 10:43 | Queue | Villager (Male) |
| 11:10 | Queue | Villager (Male) |
| 11:23 | Queue | Villager (Male) |
| 11:23 | Queue | Villager (Male) |
| 11:44 | Build | House |
| 12:06 | Build | House |
| 12:16 | Build | Blacksmith |
| 12:39 | Build | Market |
| 12:44 | Queue | Villager (Male) |
| 13:02 | Queue | Villager (Male) |
| 13:10 | Queue | Villager (Male) |
| 13:20 | Queue | Villager (Male) |
| 13:20 | Queue | Villager (Male) |
| 13:28 | Queue | Villager (Male) |
| 13:35 | Research | Castle Age |
| 13:44 | Build | Barracks |
| 13:58 | Research | Horse Collar |
| 13:58 | Research | Double-Bit Axe |
| 14:02 | Build | Farm |
| 14:03 | Build | Farm |
| 14:16 | Build | Farm |
| 14:41 | Build | Stable |
| 15:06 | Build | Stable |
| 15:12 | Research | Scale Barding Armor |
| 15:15 | Queue | Villager (Male) |
| 15:48 | Build | Farm |
| 15:51 | Build | Farm |
| 15:54 | Build | Farm |
| 15:59 | Research | Bloodlines |
| 16:02 | Build | Farm |
| 16:15 | Age | Castle Age |
| 16:16 | Queue | Knight |
| 16:16 | Queue | Knight |
| 16:21 | Build | Farm |
| 16:23 | Build | Farm |
| 16:29 | Queue | Villager (Male) |
| 16:33 | Queue | Knight |
| 16:33 | Queue | Knight |
| 16:33 | Queue | Knight |
| 16:46 | Queue | Knight |
| 17:01 | Queue | Villager (Male) |
| 17:03 | Build | Farm |
| 17:05 | Build | Farm |
| 17:11 | Queue | Knight |
| 17:12 | Queue | Knight |
| 17:20 | Build | House |
| 17:34 | Queue | Knight |
| 18:01 | Queue | Knight |
| 18:17 | Queue | Villager (Male) |
| 18:19 | Build | House |
| 18:19 | Build | House |
| 18:25 | Research | Forging |
| 18:43 | Queue | Knight |
| 19:20 | Queue | Knight |
| 19:26 | Research | Husbandry |
| 19:35 | Queue | Knight |
| 19:42 | Queue | Villager (Male) |
| 20:10 | Queue | Knight |
| 20:11 | Queue | Knight |
| 20:40 | Queue | Villager (Male) |
| 20:40 | Queue | Villager (Male) |
| 20:44 | Queue | Villager (Male) |
| 20:44 | Queue | Villager (Male) |
| 20:53 | Queue | Villager (Male) |
| 21:18 | Queue | Villager (Male) |
| 21:25 | Build | Town Center |
| 21:25 | Queue | Villager (Male) |
| 21:26 | Queue | Villager (Male) |
| 21:26 | Queue | Villager (Male) |
| 21:36 | Research | Chain Barding Armor |
| 21:58 | Queue | Villager (Male) |
| 21:59 | Queue | Villager (Male) |
| 22:05 | Queue | Knight |
| 22:05 | Queue | Knight |
| 22:35 | Queue | Villager (Male) |
| 22:44 | Research | Heavy Plow |
| 22:48 | Queue | Villager (Male) |
| 22:51 | Build | Farm |
| 22:51 | Build | Farm |
| 22:51 | Build | Farm |
| 22:52 | Build | Farm |
| 22:52 | Build | Farm |
| 23:01 | Queue | Villager (Male) |
| 23:05 | Build | Monastery |
| 23:07 | Queue | Villager (Male) |
| 23:14 | Queue | Villager (Male) |
| 23:14 | Queue | Villager (Male) |
| 23:41 | Research | Bloodlines |
| 23:42 | Research | Bloodlines |
| 23:48 | Queue | Villager (Male) |
| 23:48 | Queue | Villager (Male) |
| 24:12 | Research | Iron Casting |
| 24:23 | Queue | Villager (Male) |
| 24:23 | Queue | Villager (Male) |
| 24:31 | Build | University |
| 25:08 | Queue | Villager (Male) |
| 25:16 | Queue | Villager (Male) |
| 25:30 | Build | Lumber Camp |
| 25:31 | Queue | Villager (Male) |
| 25:32 | Queue | Villager (Male) |
| 25:44 | Queue | Villager (Male) |
| 25:44 | Queue | Villager (Male) |
| 25:49 | Queue | Fire Lancer |
| 25:49 | Queue | Fire Lancer |
| 25:52 | Research | Fletching |
| 25:57 | Queue | Villager (Male) |
| 25:57 | Queue | Villager (Male) |
| 26:02 | Research | Scale Mail Armor |
| 26:04 | Queue | Fire Lancer |
| 26:04 | Queue | Fire Lancer |
| 26:12 | Build | Barracks |
| 26:14 | Queue | Villager (Male) |
| 26:15 | Queue | Villager (Male) |
| 26:28 | Queue | Villager (Male) |
Build order — NuMa | JuanMan
First 150 of 1044 actions detected
| 0:02 | Queue | Villager (Male) |
| 0:02 | Queue | Villager (Male) |
| 0:02 | Queue | Villager (Male) |
| 0:02 | Queue | Villager (Male) |
| 0:04 | Build | House |
| 0:05 | Build | House |
| 1:10 | Queue | Villager (Male) |
| 1:10 | Queue | Villager (Male) |
| 1:29 | Queue | Villager (Male) |
| 1:29 | Queue | Villager (Male) |
| 1:54 | Build | Lumber Camp |
| 2:04 | Queue | Villager (Male) |
| 2:04 | Queue | Villager (Male) |
| 2:18 | Queue | Villager (Male) |
| 2:49 | Queue | Villager (Male) |
| 2:49 | Queue | Villager (Male) |
| 3:20 | Queue | Villager (Male) |
| 3:36 | Build | House |
| 3:38 | Build | House |
| 3:42 | Queue | Villager (Male) |
| 3:42 | Queue | Villager (Male) |
| 3:44 | Queue | Villager (Male) |
| 3:44 | Queue | Villager (Male) |
| 4:21 | Queue | Villager (Male) |
| 4:22 | Queue | Villager (Male) |
| 4:26 | Build | Mill |
| 4:36 | Build | Palisade Wall |
| 5:17 | Build | Palisade Wall |
| 5:19 | Build | Palisade Wall |
| 5:30 | Queue | Villager (Male) |
| 5:39 | Queue | Villager (Male) |
| 6:06 | Queue | Villager (Male) |
| 6:26 | Research | Loom |
| 6:59 | Research | Feudal Age |
| 7:10 | Build | Barracks |
| 7:35 | Build | House |
| 8:28 | Build | House |
| 8:52 | Queue | Villager (Male) |
| 9:01 | Build | Palisade Wall |
| 9:09 | Build | Palisade Wall |
| 9:20 | Age | Feudal Age |
| 9:23 | Build | Stable |
| 9:27 | Research | Double-Bit Axe |
| 9:36 | Queue | Villager (Male) |
| 9:41 | Build | Farm |
| 9:44 | Build | Farm |
| 10:06 | Build | House |
| 10:13 | Queue | Scout Cavalry |
| 10:14 | Queue | Scout Cavalry |
| 10:15 | Queue | Villager (Male) |
| 10:27 | Queue | Villager (Male) |
| 10:31 | Queue | Scout Cavalry |
| 10:35 | Build | Mill |
| 10:38 | Build | Palisade Wall |
| 10:42 | Build | Palisade Wall |
| 10:44 | Queue | Villager (Male) |
| 11:05 | Build | Farm |
| 11:09 | Build | Palisade Wall |
| 11:16 | Queue | Scout Cavalry |
| 11:23 | Queue | Villager (Male) |
| 11:32 | Build | Palisade Wall |
| 11:33 | Build | Palisade Wall |
| 11:39 | Build | Farm |
| 11:41 | Queue | Villager (Male) |
| 11:45 | Queue | Scout Cavalry |
| 11:53 | Build | Palisade Wall |
| 11:59 | Build | Farm |
| 12:25 | Queue | Villager (Male) |
| 12:28 | Build | Farm |
| 12:32 | Build | Farm |
| 12:35 | Build | Farm |
| 12:40 | Build | Palisade Wall |
| 12:44 | Build | House |
| 12:58 | Queue | Villager (Male) |
| 13:32 | Build | Blacksmith |
| 13:34 | Build | Palisade Wall |
| 13:37 | Queue | Villager (Male) |
| 13:55 | Queue | Villager (Male) |
| 14:06 | Research | Forging |
| 14:08 | Build | Farm |
| 14:19 | Queue | Villager (Male) |
| 14:22 | Build | Farm |
| 14:35 | Queue | Villager (Male) |
| 14:37 | Build | Farm |
| 15:07 | Queue | Villager (Male) |
| 15:09 | Build | Farm |
| 15:32 | Queue | Villager (Male) |
| 15:34 | Build | Farm |
| 16:29 | Queue | Villager (Male) |
| 16:32 | Build | Mining Camp |
| 16:52 | Build | Lumber Camp |
| 17:00 | Build | Market |
| 17:02 | Queue | Villager (Male) |
| 17:25 | Queue | Villager (Male) |
| 18:15 | Research | Castle Age |
| 18:20 | Build | Stable |
| 18:35 | Research | Scale Barding Armor |
| 18:38 | Build | House |
| 18:47 | Research | Bloodlines |
| 19:49 | Build | Stable |
| 19:56 | Build | Farm |
| 19:58 | Research | Horse Collar |
| 20:26 | Build | Palisade Gate |
| 20:55 | Age | Castle Age |
| 20:58 | Queue | Camel Scout ×5 |
| 21:00 | Queue | Villager (Male) |
| 21:09 | Build | Town Center |
| 21:13 | Research | Chain Barding Armor |
| 21:23 | Queue | Camel Scout |
| 21:26 | Queue | Villager (Male) |
| 21:48 | Queue | Villager (Male) |
| 22:05 | Queue | Camel Scout ×2 |
| 22:14 | Queue | Camel Scout |
| 22:25 | Queue | Villager (Male) |
| 22:32 | Queue | Villager (Male) |
| 22:41 | Build | Town Center |
| 22:59 | Build | House |
| 23:00 | Build | House |
| 23:19 | Queue | Villager (Male) |
| 23:20 | Queue | Villager (Male) |
| 23:39 | Research | Husbandry |
| 23:41 | Queue | Villager (Male) |
| 23:43 | Build | Farm |
| 23:44 | Queue | Villager (Male) |
| 23:44 | Queue | Villager (Male) |
| 24:06 | Build | House |
| 24:07 | Queue | Villager (Male) |
| 24:11 | Build | Farm |
| 24:14 | Build | Farm |
| 24:16 | Queue | Villager (Male) |
| 24:26 | Queue | Villager (Male) |
| 24:56 | Queue | Camel Scout ×3 |
| 25:01 | Build | Farm |
| 25:05 | Queue | Villager (Male) |
| 25:08 | Build | Farm |
| 25:09 | Build | Farm |
| 25:09 | Build | Farm |
| 25:11 | Queue | Villager (Male) |
| 25:11 | Queue | Villager (Male) |
| 25:20 | Queue | Camel Scout |
| 25:20 | Queue | Camel Scout |
| 25:21 | Queue | Camel Scout |
| 25:32 | Queue | Villager (Male) |
| 25:36 | Build | Farm |
| 25:37 | Queue | Villager (Male) |
| 25:38 | Queue | Villager (Male) |
| 25:42 | Queue | Villager (Male) |
| 25:59 | Queue | Villager (Male) |
| 26:01 | Queue | Villager (Male) |
| 26:14 | Queue | Villager (Male) |
Match timeline
| 4:36 | NuMa | JuanMan · wall_segment Palisade Wall x7 |
| 5:17 | NuMa | JuanMan · wall_segment Palisade Wall x2 |
| 5:19 | NuMa | JuanMan · wall_segment Palisade Wall x4 |
| 5:58 | Camo · first_building Barracks |
| 7:02 | Mr. Fay · first_building Barracks |
| 7:10 | NuMa | JuanMan · first_building Barracks |
| 7:21 | Mr. Keibron · wall_segment Palisade Wall x6 |
| 7:29 | Mr. Keibron · wall_segment Palisade Wall x10 |
| 8:25 | Samreypa · first_building Barracks |
| 8:26 | Mr. Keibron · wall_segment Palisade Wall x15 |
| 8:40 | Mr. Keibron · first_building Barracks |
| 8:42 | Mr. Fay · wall_segment Palisade Wall x9 |
| 8:43 | Mr. Fay · wall_segment Palisade Wall x1 |
| 8:48 | Mr. Keibron · wall_segment Palisade Wall x1 |
| 9:01 | NuMa | JuanMan · wall_segment Palisade Wall x5 |
| 9:09 | NuMa | JuanMan · wall_segment Palisade Wall x9 |
| 9:20 | NuMa | JuanMan · age_up feudal |
| 9:23 | NuMa | JuanMan · first_building Stable |
| 9:28 | Samreypa · wall_segment Palisade Wall x3 |
| 9:29 | Samreypa · age_up feudal |
| 9:34 | Samreypa · first_building Archery Range |
| 9:41 | Camo · age_up feudal |
| 9:49 | Mr. Keibron · wall_segment Palisade Wall x5 |
| 9:59 | Mr. Keibron · wall_segment Palisade Wall x18 |
| 10:04 | Mr. Keibron · wall_segment Palisade Wall x21 |
| 10:06 | Mr. Fay · age_up feudal |
| 10:37 | Mr. Keibron · age_up feudal |
| 10:38 | NuMa | JuanMan · wall_segment Palisade Wall x11 |
| 10:40 | Mr. C · age_up feudal |
| 10:42 | NuMa | JuanMan · wall_segment Palisade Wall x7 |
| 11:06 | Mr. Keibron · wall_segment Palisade Wall x4 |
| 11:09 | NuMa | JuanMan · wall_segment Palisade Wall x1 |
| 11:10 | Camo · wall_segment Palisade Wall x1 |
| 11:16 | Mr. Keibron · wall_segment Stone Wall x1 |
| 11:26 | Samreypa · wall_segment Palisade Wall x2 |
| 11:32 | NuMa | JuanMan · wall_segment Palisade Wall x2 |
| 11:33 | NuMa | JuanMan · wall_segment Palisade Wall x4 |
| 11:53 | NuMa | JuanMan · wall_segment Palisade Wall x7 |
| 11:55 | Mr. Keibron · first_building Archery Range |
| 12:23 | Mr. Keibron · wall_segment Stone Wall x1 |
| 12:40 | NuMa | JuanMan · wall_segment Palisade Wall x6 |
| 13:01 | Samreypa · wall_segment Palisade Wall x2 |
| 13:18 | Samreypa · wall_segment Palisade Wall x2 |
| 13:34 | NuMa | JuanMan · wall_segment Palisade Wall x1 |
| 13:44 | Mr. C · first_building Barracks |
| 14:05 | Samreypa · wall_segment Palisade Wall x5 |
| 14:14 | Camo · wall_segment Palisade Wall x1 |
| 14:16 | Camo · wall_segment Palisade Wall x1 |
| 14:17 | Camo · wall_segment Palisade Wall x1 |
| 14:27 | Mr. Keibron · wall_segment Stone Wall x1 |
| 14:35 | Mr. C · first_market_sell 500 stone |
| 14:36 | Mr. Keibron · wall_segment Stone Wall x1 |
| 14:37 | Mr. Keibron · wall_segment Stone Wall x1 |
| 14:37 | Mr. C · first_market_buy 100 wood |
| 14:41 | Mr. C · first_building Stable |
| 14:42 | Mr. Fay · first_market_buy 100 food |
| 14:44 | Mr. Keibron · wall_segment Stone Wall x2 |
| 14:45 | Samreypa · wall_segment Palisade Wall x4 |
| 14:51 | Samreypa · wall_segment Palisade Wall x1 |
| 16:15 | Mr. C · age_up castle |
| 16:25 | Samreypa · wall_segment Palisade Wall x8 |
| 16:26 | Mr. Fay · first_market_sell 100 stone |
| 16:42 | Samreypa · wall_segment Palisade Wall x1 |
| 16:53 | Camo · wall_segment Palisade Wall x3 |
| 16:53 | Camo · wall_segment Palisade Wall x1 |
| 16:54 | Camo · wall_segment Palisade Wall x1 |
| 16:55 | Camo · wall_segment Palisade Wall x1 |
| 16:56 | Camo · wall_segment Palisade Wall x1 |
| 16:56 | Camo · wall_segment Palisade Wall x1 |
| 17:38 | Samreypa · wall_segment Palisade Wall x1 |
| 17:39 | Samreypa · wall_segment Palisade Wall x1 |
| 18:03 | Mr. Keibron · wall_segment Stone Wall x1 |
| 18:43 | NuMa | JuanMan · first_market_sell 100 wood |
| 19:23 | Mr. Fay · age_up castle |
| 19:28 | Mr. Fay · first_building Siege Workshop |
| 20:55 | NuMa | JuanMan · age_up castle |
| 21:03 | Samreypa · wall_segment Palisade Wall x3 |
| 21:53 | Samreypa · wall_segment Palisade Wall x7 |
| 22:56 | Camo · first_market_buy 100 food |
| 22:58 | Mr. Keibron · wall_segment Stone Wall x1 |
| 22:59 | Camo · first_market_sell 100 stone |
| 23:05 | Mr. C · first_building Monastery |
| 23:24 | Samreypa · age_up castle |
| 23:47 | Samreypa · first_market_sell 100 food |
| 23:49 | Mr. Keibron · wall_segment Stone Wall x13 |
| 24:45 | Samreypa · first_building Siege Workshop |
| 25:42 | Camo · age_up castle |
| 26:14 | Mr. Keibron · wall_segment Stone Wall x2 |
| 27:25 | Mr. Keibron · wall_segment Stone Wall x1 |
| 28:05 | Samreypa · wall_segment Palisade Wall x8 |
| 28:22 | Mr. Keibron · wall_segment Stone Wall x1 |
| 28:41 | Mr. Keibron · wall_segment Stone Wall x1 |
| 29:02 | NuMa | JuanMan · first_building Castle |
| 29:32 | Samreypa · first_market_buy 100 food |
| 30:19 | Mr. Keibron · wall_segment Stone Wall x1 |
| 31:13 | Samreypa · wall_segment Stone Wall x14 |
| 32:13 | Mr. C · first_building Siege Workshop |
| 32:18 | Mr. Keibron · first_market_buy 100 food |
| 32:22 | Camo · first_building Archery Range |
| 32:46 | NuMa | JuanMan · wall_segment Stone Wall x17 |
| 33:34 | Samreypa · first_building Monastery |
| 33:41 | Mr. Fay · first_building Castle |
| 34:11 | Camo · first_building Castle |
| 34:57 | Mr. Keibron · first_market_sell 100 wood |
| 35:02 | Mr. Keibron · age_up castle |
| 35:09 | Mr. Keibron · first_building Castle |
| 36:36 | Mr. C · first_building Castle |
| 37:07 | Mr. C · age_up imperial |
| 37:19 | NuMa | JuanMan · age_up imperial |
| 38:03 | Samreypa · first_building Castle |
| 38:09 | Mr. C · wall_segment Stone Wall x1 |
| 38:13 | Mr. C · wall_segment Stone Wall x1 |
| 38:15 | Mr. C · wall_segment Stone Wall x1 |
| 38:16 | Mr. C · wall_segment Stone Wall x1 |
| 38:17 | Mr. C · wall_segment Stone Wall x1 |
| 38:29 | NuMa | JuanMan · first_building Monastery |
| 39:07 | Samreypa · wall_segment Stone Wall x10 |
| 39:48 | NuMa | JuanMan · wall_segment Stone Wall x5 |
| 40:04 | Camo · first_building Monastery |
| 40:42 | Samreypa · first_building Stable |
| 41:28 | Samreypa · wall_segment Stone Wall x9 |
| 42:54 | Mr. Fay · age_up imperial |
| 43:45 | Samreypa · age_up imperial |
| 46:27 | Mr. Keibron · tribute_sent a jugador 1 |
| 46:27 | Mr. Keibron · tribute_sent a jugador 2 |
| 46:27 | Mr. Keibron · tribute_sent a jugador 3 |
| 46:27 | Mr. Keibron · tribute_sent a jugador 4 |
| 46:27 | Mr. Keibron · tribute_sent a jugador 5 |
| 46:54 | Camo · age_up imperial |
| 48:19 | NuMa | JuanMan · first_building Archery Range |
| 49:33 | NuMa | JuanMan · tribute_sent a jugador 1 |
| 49:33 | NuMa | JuanMan · tribute_sent a jugador 2 |
| 49:33 | NuMa | JuanMan · tribute_sent a jugador 3 |
| 49:33 | NuMa | JuanMan · tribute_sent a jugador 4 |
| 49:33 | NuMa | JuanMan · tribute_sent a jugador 6 |
| 50:01 | Mr. Keibron · first_building Siege Workshop |
| 50:06 | NuMa | JuanMan · wall_segment Stone Wall x4 |
| 51:48 | Samreypa · wall_segment Stone Wall x13 |
| 56:11 | NuMa | JuanMan · first_building Siege Workshop |
| 61:01 | Mr. Keibron · first_building Stable |
| 65:43 | Camo · tribute_sent a jugador 1 |
| 65:43 | Camo · tribute_sent a jugador 2 |
| 65:43 | Camo · tribute_sent a jugador 4 |
| 65:43 | Camo · tribute_sent a jugador 5 |
| 65:43 | Camo · tribute_sent a jugador 6 |
| 70:03 | Mr. Keibron · age_up imperial |
| 74:48 | Mr. C · wall_segment Stone Wall x15 |
| 78:00 | Mr. Fay · first_building Monastery |
| 82:33 | NuMa | JuanMan · wall_segment Palisade Wall x1 |
| 87:58 | Mr. Keibron · first_building Monastery |
| 88:50 | NuMa | JuanMan · wall_segment Stone Wall x14 |
| 92:09 | Mr. Fay · first_building Archery Range |
| 92:30 | Mr. Fay · first_building Stable |
| 95:41 | Samreypa · resign |
[ AI ANALYSIS · 1 CREDIT ]
What really happened in this match?
Wolo.gg analyzes every decision: build order, eco, micro, common mistakes by bracket. Personalized analysis on WhatsApp or Discord in 30 seconds.
Civ guide
Celts
Perfil
Jugador #2701657